MWL (24 & UNDER)
CINCINNATI PRIDE @ MINNESOTA DEATH STARS
04/06/2024
 
TOP OF THE 1ST
Cincinnati Pride batting - Pitching for Minnesota Death Stars : RHP Gavin Robbins
Pitching: RHP Gavin Robbins
Batting: RHB Larry Booth 0-0: Called Strike
0-1: Fly out, F8 (Flyball, 8RM)
Batting: LHB Marvin Morris 0-0: Ball
1-0: Foul Ball, location: 2F
1-1: Ball
2-1: Foul Ball, location: 2F
2-2: DOUBLE (Line Drive, 9LM)
Batting: RHB Michael Skinner 0-0: Called Strike
0-1: Ball
1-1: Reached on error, E6 (Groundball, 6M)
Marvin Morris to third
Batting: RHB Roberto Chávez 0-0: Called Strike
0-1: Called Strike
0-2: Strikes out swinging
Batting: RHB Randy Simons 0-0: Ball
1-0: Called Strike
1-1: Swinging Strike
1-2: Ball
2-2: Ball
3-2: Strikes out looking
Top of the 1st over - 0 run(s), 1 hit(s), 1 error(s), 2 left on base; Cincinnati 0 - Minnesota 0
BOTTOM OF THE 1ST
Minnesota Death Stars batting - Pitching for Cincinnati Pride : RHP Tomás Pagán
Pitching: RHP Tomás Pagán
Batting: RHB José Pérez 0-0: Ball
1-0: Foul Ball, location: 2F
1-1: Called Strike
1-2: Ball
2-2: Foul Ball, location: 2F
2-2: Strikes out looking
Batting: RHB Peter Dixon 0-0: Called Strike
0-1: Foul Ball, location: 2F
0-2: Ball
1-2: Strikes out looking
Batting: LHB Chris Loudermilk 0-0: Ball
1-0: Swinging Strike
1-1: Ball
2-1: Foul Ball, location: 2F
2-2: Foul Ball, location: 2F
2-2: Strikes out looking
Bottom of the 1st over - 0 run(s), 0 hit(s), 0 error(s), 0 left on base; Cincinnati 0 - Minnesota 0
TOP OF THE 2ND
Cincinnati Pride batting - Pitching for Minnesota Death Stars : RHP Gavin Robbins
Batting: RHB Gabriel Villegas 0-0: SINGLE (Line Drive, 3D)
Batting: RHB Juan Martínez 0-0: Ball
1-0: Fly out, F4 (Line Drive, 4M)
Batting: RHB Wilson Flores 0-0: Foul Ball, location: 2F
0-1: Ball
1-1: Foul Ball, location: 2F
1-2: 2-RUN HOME RUN (Flyball, 7D), Distance : 375 ft
Batting: RHB Norris Howard 0-0: Foul Ball, location: 2F
0-1: Ball
1-1: Foul Ball, location: 2F
1-2: Strikes out swinging
Batting: RHB Larry Booth 0-0: Ground out 5-3 (Groundball, 5L)
Top of the 2nd over - 2 run(s), 2 hit(s), 0 error(s), 0 left on base; Cincinnati 2 - Minnesota 0
BOTTOM OF THE 2ND
Minnesota Death Stars batting - Pitching for Cincinnati Pride : RHP Tomás Pagán
Batting: RHB Herb Ashley 0-0: Foul Ball, location: 2F
0-1: Foul Ball, location: 2F
0-2: Strikes out swinging
Batting: RHB Jorge Martínez 0-0: Fly out, F3 (Popup, 3F)
Batting: RHB Miguel Hurtado 0-0: Ball
1-0: Ball
2-0: Swinging Strike
2-1: Foul Ball, location: 2F
2-2: Strikes out looking
Bottom of the 2nd over - 0 run(s), 0 hit(s), 0 error(s), 0 left on base; Cincinnati 2 - Minnesota 0
TOP OF THE 3RD
Cincinnati Pride batting - Pitching for Minnesota Death Stars : RHP Gavin Robbins
Batting: LHB Marvin Morris 0-0: Called Strike
0-1: Foul Ball, location: 2F
0-2: Ball
1-2: Strikes out swinging
Batting: RHB Michael Skinner 0-0: Called Strike
0-1: Ball
1-1: Ball
2-1: Foul Ball, location: 2F
2-2: Foul Ball, location: 2F
2-2: SINGLE (Flyball, 7S)
Batting: RHB Roberto Chávez 0-0: Called Strike
0-1: Ball
1-1: Fielders Choice at 2nd, 6-4 (Groundball, 6)
Batting: RHB Randy Simons 0-0: Ball
1-0: Foul Ball, location: 2F
1-1: Ball
2-1: Fly out, F9 (Flyball, 89M)
Top of the 3rd over - 0 run(s), 1 hit(s), 0 error(s), 1 left on base; Cincinnati 2 - Minnesota 0
BOTTOM OF THE 3RD
Minnesota Death Stars batting - Pitching for Cincinnati Pride : RHP Tomás Pagán
Batting: LHB Lucas Coleman 0-0: Reached on error, E4 (Groundball, 34)
Batting: RHB John Brown 0-0: Ball
Lucas Coleman is caught stealing 2nd base
1-0: Ball
2-0: Ball
3-0: Base on Balls
Batting: LHB Sixto Cortés 0-0: Swinging Strike
0-1: Ball
1-1: Ball
2-1: Ball
3-1: Fly out, F5 (Popup, 5F)
Batting: RHB José Pérez 0-0: Foul Ball, location: 2F
0-1: Foul Ball, location: 2F
0-2: Foul Ball, location: 2F
0-2: Hit by Pitch
John Brown to second
Batting: RHB Peter Dixon 0-0: Ball
1-0: Called Strike
1-1: Ground out 1-3 (Groundball, 25)
Bottom of the 3rd over - 0 run(s), 0 hit(s), 1 error(s), 2 left on base; Cincinnati 2 - Minnesota 0
TOP OF THE 4TH
Cincinnati Pride batting - Pitching for Minnesota Death Stars : RHP Gavin Robbins
Batting: RHB Gabriel Villegas 0-0: Ball
1-0: Ball
2-0: Ball
3-0: Called Strike
3-1: Called Strike
3-2: Foul Ball, location: 2F
3-2: Ground out 1-3 (Groundball, 15S)
Batting: RHB Juan Martínez 0-0: Fly out, F9 (Popup, 34D)
Batting: RHB Wilson Flores 0-0: Ball
1-0: Swinging Strike
1-1: SINGLE (Line Drive, 78S)
Batting: RHB Norris Howard 0-0: SINGLE (Line Drive, 7LM)
Wilson Flores to second
Batting: RHB Larry Booth 0-0: Swinging Strike
0-1: Fly out, F8 (Flyball, 8LXD)
Top of the 4th over - 0 run(s), 2 hit(s), 0 error(s), 2 left on base; Cincinnati 2 - Minnesota 0
BOTTOM OF THE 4TH
Minnesota Death Stars batting - Pitching for Cincinnati Pride : RHP Tomás Pagán
Batting: LHB Chris Loudermilk 0-0: Called Strike
0-1: Foul Ball, location: 2F
0-2: Ball
1-2: SINGLE (Flyball, 8RS)
Batting: RHB Herb Ashley 0-0: Called Strike
0-1: Called Strike
0-2: SINGLE (Groundball, 5D)
Chris Loudermilk to second
Batting: RHB Jorge Martínez 0-0: Ball
1-0: Called Strike
1-1: SINGLE (Flyball, 6MD)
Chris Loudermilk to third
Herb Ashley to second
Runner from 3rd tries for Home, SAFE, throw made home
Herb Ashley to third
Jorge Martínez to second
Batting: RHB Miguel Hurtado 0-0: Swinging Strike
0-1: Ball
1-1: Ball
2-1: Foul Ball, location: 2F
2-2: Ball
3-2: SINGLE (Groundball, 56D) - runner OUT being hit by batted ball.
Herb Ashley scores
Batting: LHB Lucas Coleman 0-0: Ball
1-0: Ball
2-0: Ball
3-0: Called Strike
3-1: Foul Ball, location: 2F
3-2: Foul Ball, location: 2F
3-2: Foul Ball, location: 2F
3-2: Grounds into double play, U4-3 (Groundball, 4)
Bottom of the 4th over - 2 run(s), 4 hit(s), 0 error(s), 0 left on base; Cincinnati 2 - Minnesota 2
TOP OF THE 5TH
Cincinnati Pride batting - Pitching for Minnesota Death Stars : RHP Gavin Robbins
Batting: LHB Marvin Morris 0-0: Foul Ball, location: 2F
0-1: Foul Ball, location: 2F
0-2: Foul Ball, location: 2F
0-2: Strikes out looking
Batting: RHB Michael Skinner 0-0: Ball
1-0: Called Strike
1-1: Swinging Strike
1-2: Ground out 1-3 (Groundball, 25)
Batting: RHB Roberto Chávez 0-0: Ball
1-0: Called Strike
1-1: Swinging Strike
1-2: Strikes out swinging
Top of the 5th over - 0 run(s), 0 hit(s), 0 error(s), 0 left on base; Cincinnati 2 - Minnesota 2
BOTTOM OF THE 5TH
Minnesota Death Stars batting - Pitching for Cincinnati Pride : RHP Tomás Pagán
Batting: RHB John Brown 0-0: SINGLE (Line Drive, 6MD)
Batting: LHB Sixto Cortés 0-0: Grounds into double play, 4-6-3 (Groundball, 4)
Batting: RHB José Pérez 0-0: Ball
1-0: Fly out, F6 (Popup, 6MS)
Bottom of the 5th over - 0 run(s), 1 hit(s), 0 error(s), 0 left on base; Cincinnati 2 - Minnesota 2
TOP OF THE 6TH
Cincinnati Pride batting - Pitching for Minnesota Death Stars : RHP Gavin Robbins
Batting: RHB Randy Simons 0-0: Ball
1-0: SINGLE (Flyball, 89S)
Batting: RHB Gabriel Villegas 0-0: Called Strike
0-1: Ball
1-1: SINGLE (Line Drive, 8RM)
Randy Simons to second
Batting: RHB Juan Martínez 0-0: Ball
1-0: Called Strike
1-1: Called Strike
1-2: Strikes out looking
Batting: RHB Wilson Flores 0-0: Called Strike
0-1: Swinging Strike
0-2: Strikes out swinging
Pitching: RHP Howard Jewel
Batting: RHB Norris Howard 0-0: Called Strike
0-1: Called Strike
0-2: SINGLE (Groundball, 56D)
Randy Simons to third
Gabriel Villegas to second
Runner from 3rd tries for Home, SAFE, throw made at trailing runner, OUT at third!
Top of the 6th over - 1 run(s), 3 hit(s), 0 error(s), 1 left on base; Cincinnati 3 - Minnesota 2
BOTTOM OF THE 6TH
Minnesota Death Stars batting - Pitching for Cincinnati Pride : RHP Tomás Pagán
Batting: RHB Peter Dixon 0-0: Ball
1-0: Ball
2-0: Called Strike
2-1: Foul Ball, location: 2F
2-2: Foul Ball, location: 2F
2-2: SINGLE (Groundball, 56D)
Batting: LHB Chris Loudermilk 0-0: Called Strike
0-1: Ball
1-1: Fielders Choice at 2nd, 3-6 (Groundball, 3)
Batting: RHB Herb Ashley 0-0: Swinging Strike
0-1: Called Strike
0-2: Strikes out swinging
Batting: RHB Jorge Martínez 0-0: Ball
1-0: Swinging Strike
1-1: Ground out 5-3 (Groundball, 56)
Bottom of the 6th over - 0 run(s), 1 hit(s), 0 error(s), 1 left on base; Cincinnati 3 - Minnesota 2
TOP OF THE 7TH
Cincinnati Pride batting - Pitching for Minnesota Death Stars : RHP Howard Jewel
Batting: RHB Larry Booth 0-0: Ball
1-0: Ball
2-0: Foul Ball, location: 2F
2-1: Ball
3-1: Base on Balls
Batting: LHB Marvin Morris 0-0: Ball
1-0: Swinging Strike
1-1: Foul Ball, location: 2F
1-2: Strikes out swinging
Pinch Hitting: SHB Rafael Villa 0-0: Ball
1-0: Fielders Choice at 2nd, 1-4 (Groundball, 15S)
Batting: RHB Roberto Chávez 0-0: Ground out 4-3 (Groundball, 4)
Top of the 7th over - 0 run(s), 0 hit(s), 0 error(s), 1 left on base; Cincinnati 3 - Minnesota 2
BOTTOM OF THE 7TH
Minnesota Death Stars batting - Pitching for Cincinnati Pride : RHP Tomás Pagán
Pitching: RHP José Crus
Now in RF: Wes Stone
Batting: RHB Miguel Hurtado 0-0: Called Strike
0-1: Ball
1-1: Ball
2-1: Swinging Strike
2-2: Strikes out swinging
Batting: LHB Lucas Coleman 0-0: Called Strike
0-1: Swinging Strike
0-2: Strikes out swinging
Batting: RHB John Brown 0-0: Called Strike
0-1: Called Strike
0-2: Strikes out looking
Bottom of the 7th over - 0 run(s), 0 hit(s), 0 error(s), 0 left on base; Cincinnati 3 - Minnesota 2
TOP OF THE 8TH
Cincinnati Pride batting - Pitching for Minnesota Death Stars : RHP Howard Jewel
Batting: RHB Randy Simons 0-0: Ball
1-0: Called Strike
1-1: Called Strike
1-2: Foul Ball, location: 2F
1-2: Foul Ball, location: 2F
1-2: Ball
2-2: Fly out, F2 (Popup, 2R)
Batting: RHB Gabriel Villegas 0-0: Ball
1-0: Ball
2-0: Ball
3-0: Base on Balls
Pinch Hitting: SHB Jorge García 0-0: Fly out, F9 (Flyball, 89S)
Batting: RHB Wilson Flores 0-0: Called Strike
0-1: Ball
1-1: Swinging Strike
1-2: Ball
2-2: Strikes out swinging
Top of the 8th over - 0 run(s), 0 hit(s), 0 error(s), 1 left on base; Cincinnati 3 - Minnesota 2
BOTTOM OF THE 8TH
Minnesota Death Stars batting - Pitching for Cincinnati Pride : RHP José Crus
Pitching: LHP Halewijn Tipping
Now at 3B: Álex Hernández
Batting: LHB Sixto Cortés 0-0: Ball
1-0: Ball
2-0: Ball
3-0: Base on Balls
Batting: RHB José Pérez 0-0: Sac Bunt - play at first, batter OUT! 5-4
Sixto Cortés to second
Batting: RHB Peter Dixon 0-0: Foul Ball, location: 2F
0-1: Ball
1-1: Ball
2-1: Swinging Strike
2-2: Foul Ball, location: 2F
2-2: Ball
3-2: Foul Ball, location: 2F
3-2: Strikes out swinging
Batting: LHB Chris Loudermilk 0-0: Ball
1-0: Ball
2-0: Ball
3-0: Called Strike
3-1: Swinging Strike
3-2: Strikes out swinging
Bottom of the 8th over - 0 run(s), 0 hit(s), 0 error(s), 1 left on base; Cincinnati 3 - Minnesota 2
TOP OF THE 9TH
Cincinnati Pride batting - Pitching for Minnesota Death Stars : RHP Howard Jewel
Batting: RHB Norris Howard 0-0: Ball
1-0: Foul Ball, location: 2F
1-1: Fly out, F6 (Popup, 5D)
Batting: RHB Larry Booth 0-0: Foul Ball, location: 2F
0-1: Foul Ball, location: 2F
0-2: SINGLE (Groundball, 4M)
Batting: LHB Marvin Morris 0-0: Ball
1-0: Swinging Strike
1-1: Ball
2-1: Foul Ball, location: 2F
2-2: Foul Ball, location: 2F
2-2: Strikes out swinging
Batting: LHB Wes Stone 0-0: Ball
1-0: Called Strike
1-1: Called Strike
1-2: Strikes out looking
Top of the 9th over - 0 run(s), 1 hit(s), 0 error(s), 1 left on base; Cincinnati 3 - Minnesota 2
BOTTOM OF THE 9TH
Minnesota Death Stars batting - Pitching for Cincinnati Pride : LHP Halewijn Tipping
Pitching: RHP Eusébio Lagarto
Batting: RHB Herb Ashley 0-0: Ball
1-0: Fly out, F7 (Line Drive, 7M)
Batting: RHB Jorge Martínez 0-0: Called Strike
0-1: Ball
1-1: Foul Ball, location: 2F
1-2: Foul Ball, location: 2F
1-2: Ball
2-2: SINGLE (Line Drive, 6MD)
Batting: RHB Miguel Hurtado 0-0: Foul Ball, location: 2F
0-1: Ball
1-1: Ball
2-1: Ball
3-1: Fly out, F6 (Popup, 6MD)
Batting: LHB Lucas Coleman 0-0: Foul Ball, location: 2F
0-1: Called Strike
0-2: Ball
1-2: Strikes out swinging
Bottom of the 9th over - 0 run(s), 1 hit(s), 0 error(s), 1 left on base; Cincinnati 3 - Minnesota 2
This league is powered by Out of the Park Baseball, the baseball management simulation game for PC, Mac and Linux
Saturday, April 9th, 2016 - OOTP Baseball 16.8 Build 38